AoeStats
← Nessy

Arabia

507924097Analyzed
1v1 RM · 12d ago on Sep 20, 2026· 50m 57s· 2 players
Game mode
Random Map
Map size
Tiny (2 player)
Population
200
Speed
Normal
Resources
Standard
Victory
Conquest
Starting age
Dark Age
Ending age
Imperial Age
RankedLock teamsTeams togetherTeam positionsShared explorationLock speedFull tech treeHidden civsTurbo modeCheats
Victory
Defeat
🇦🇺 Spanish · Australia
1342
+13
🇻🇳 Shu · Vietnam
1285
-13
Nessy
6:22 Loom
8:56 Feudal Age
9:26 Double-Bit Axe
17:29 Wheelbarrow
20:13 Castle Age
18:52 Bloodlines
18:51 Scale Barding Armor
19:34 Forging
21:07 Bow Saw
22:15 Husbandry
23:58 Chain Barding Armor
29:24 Padded Archer Armor
29:44 Fletching
30:53 Leather Archer Armor
30:32 Elite Skirmisher
32:25 Bodkin Arrow
33:17 Wheelbarrow
33:13 Light Cavalry
37:06 Ballistics
38:03 Hand Cart
41:34 Imperial Age
41:45 Elite Conquistador
43:12 Ring Archer Armor
44:03 Bracer
45:48 Chemistry
50:05 Cavalier
50:10 Hussar
51:26 Plate Barding Armor
51:27 Iron Casting
bigChicken
6:33 Loom
9:13 Feudal Age
10:03 Double-Bit Axe
20:16 Castle Age
19:21 Forging
20:17 Fletching
22:20 Bodkin Arrow
25:19 Gold Mining
26:05 Wheelbarrow
26:00 Thumb Ring
25:58 Padded Archer Armor
26:37 Ballistics
27:11 Bow Saw
27:45 Leather Archer Armor
29:03 Town Watch
32:10 Horse Collar
32:52 Heavy Plow
38:42 Imperial Age
41:08 Conscription
41:03 Scale Mail Armor
40:30 Heavy Cavalry Archer
42:40 Chemistry
44:20 Bracer
44:51 Ring Archer Armor
45:24 Husbandry
44:45 Light Cavalry
46:30 Scale Barding Armor
48:03 Forging
Connection lost

Rejoining the realm…

Still unreachable

The connection could not be restored.

Session expired

The server has moved on; the page needs a fresh start.